 Dungeon Crawl Stone Soup version 0.29.0-7-g18a832c13a (webtiles) character file.

Game seed: 8345274532026046962

67 voltaire321 the Insei (level 4, 0/29 HPs)
             Began as an Octopode Transmuter on Aug 31, 2022.
             Slain by an ogre
             ... wielding a +0 giant club
              (13 damage)
             ... on level 3 of the Dungeon.
             The game lasted 00:06:19 (2796 turns).

voltaire321 the Insei (Octopode Transmuter)         Turns: 2796, Time: 00:06:19

Health: 0/29       AC:  1    Str:  9    XL:     4   Next: 18%
Magic:  1/7        EV: 13    Int: 15    God:
Gold:   145        SH:  0    Dex: 14    Spells: 3/7 levels left

rFire   . . .      SeeInvis .   h - +0 dagger
rCold   . . .      Faith    .   (no shield)
rNeg    . . .      Spirit   .   (helmet restricted)
rPois   .          Reflect  .   (no amulet)
rElec   .          Harm     .   d - ring of wizardry
rCorr   .          Rampage  .   (no ring)
Will    .....                   (no ring)
Stlth   +++.......              (no ring)
HPRegen 0.09/turn               (no ring)
MPRegen 0.10/turn               (no ring)
                                (no ring)
                                (no ring)

@: no status effects
A: almost no armour, amphibious, 8 rings, camouflage 1, gelatinous body 1,
(nimble swimmer 1), tentacles
a: no special abilities


You were on level 3 of the Dungeon.
You visited 1 branch of the dungeon, and saw 3 of its levels.

You collected 145 gold pieces.

Inventory:

Hand Weapons
 h - a +0 dagger (weapon)
Jewellery
 d - a ring of wizardry (left tentacle)
Scrolls
 b - 2 scrolls of immolation {unknown}
 c - a scroll of enchant armour {unknown}
 g - a scroll of identify {unknown}
 k - a scroll of poison {unknown}
 m - a scroll of noise {unknown}
Potions
 a - 3 potions of lignification
 e - 3 potions of curing {unknown}
 f - 2 potions of invisibility {unknown}
 i - a potion of mutation {unknown}
 j - a potion of haste {unknown}
 l - a potion of berserk rage {unknown}
 n - a potion of cancellation {unknown}
 o - a potion of might {unknown}


   Skills:
 + Level 1.8 Fighting
 + Level 2.4 Dodging
 + Level 1.2 Stealth
 + Level 3.4 Unarmed Combat
 + Level 2.4 Spellcasting
 + Level 2.4 Transmutations
 + Level 0.7 Earth Magic


You had 3 spell levels left.
You knew the following spells:

 Your Spells              Type           Power      Damage    Failure   Level
a - Beastly Appendage     Tmut           18%        N/A       3%          1
b - Sandblast             Erth           8%         2d5       6%          1
c - Passwall              Tmut/Erth      5%         N/A       7%          2

Your spell library contained the following spells:

 Spells                   Type           Power      Damage    Failure   Level
 Wereblood                Tmut           9%         N/A       4%          2
 Spider Form              Tmut/Pois      5%         N/A       16%         3
 Stone Arrow              Conj/Erth      4%         3d7       22%         3
 Ice Form                 Ice/Tmut       5%         N/A       45%         4


Dungeon Overview and Level Annotations

Branches:
Dungeon (3/15)

Altars:


Innate Abilities, Weirdness & Mutations

You cannot wear most types of armour.
You are amphibious.
You can wear up to eight rings at the same time.
Your skin changes colour to match your surroundings (Stealth+).
Your rubbery body absorbs attacks. (AC +1, EV +1)
((You are camouflaged when in or above water. (Stealth+)))
You have tentacles for arms and can constrict up to eight enemies at once.


Message History

Confirm with . or Enter, or press ? or * to list all spells.
Aiming: Sandblast (safe; 6% risk of failure)
Press: ? - help, Shift-Dir - straight line, f/p - ogre
Aim: an ogre, wielding a +0 giant club (lightly wounded, 91% to hit)
The blast of sand hits the ogre.
The ogre is moderately wounded.
Casting: Sandblast (safe; 6% risk of failure)
Confirm with . or Enter, or press ? or * to list all spells.
Aiming: Sandblast (safe; 6% risk of failure)
Press: ? - help, Shift-Dir - straight line, f/p - ogre
Aim: an ogre, wielding a +0 giant club (moderately wounded, 91% to hit)
The blast of sand hits the ogre.
The ogre is heavily wounded.
The ogre hits you with a +0 giant club!
Ouch! That really hurt!
Casting: Sandblast (safe; 6% risk of failure)
Confirm with . or Enter, or press ? or * to list all spells.
Aiming: Sandblast (safe; 6% risk of failure)
Press: ? - help, Shift-Dir - straight line, f/p - ogre
Aim: an ogre, wielding a +0 giant club (heavily wounded, 91% to hit)
The blast of sand hits the ogre!
The ogre is almost dead.
The ogre misses you.
Casting: Sandblast (safe; 6% risk of failure)
Confirm with . or Enter, or press ? or * to list all spells.
Aiming: Sandblast (safe; 6% risk of failure)
Press: ? - help, Shift-Dir - straight line, f/p - ogre
Aim: an ogre, wielding a +0 giant club (almost dead, 91% to hit)
The blast of sand hits the ogre but does no damage.
The ogre is almost dead.
The ogre misses you.
Casting: Sandblast (safe; 6% risk of failure)
Confirm with . or Enter, or press ? or * to list all spells.
Aiming: Sandblast (safe; 6% risk of failure)
Press: ? - help, Shift-Dir - straight line, f/p - ogre
Aim: an ogre, wielding a +0 giant club (almost dead, 91% to hit)
The blast of sand hits the ogre.
The ogre is almost dead.
The ogre hits you with a +0 giant club!
You die...

##..#......#.#.......
.#......†#+#.........
.....................
...##.###...<........
...............#####
..###.##.......###
...##.##.........#
.#.##.##.......O.################
.#..#...........@#...............
.##...####.......#........#######
.####..#######'###........#######
.# ##...#.....######'##.........
.#####...#.#####...)#.##.########
.........#.# #.....#.##.#
...:.....#.####.......##.#
.............##....#####.#
.........#.#..#....#####.#


You could see an ogre.

Vanquished Creatures
  2 adders
  3 ball pythons
  3 endoplasms
  5 giant cockroaches
  5 goblins
  4 hobgoblins
  3 jackals (D:1)
  5 kobolds
  3 quokkas
  A bat (D:2)
  3 frilled lizards
  7 rats
44 creatures vanquished.

Notes
Turn   | Place    | Note
-------+----------+-------------------------------------------
     0 | D:1      | voltaire321 the Octopode Transmuter began the quest for the
                  | Orb.
     0 | D:1      | Reached XP level 1. HP: 13/13 MP: 3/3
   324 | D:1      | Reached XP level 2. HP: 9/18 MP: 5/5
   966 | D:1      | Learned a level 1 spell: Sandblast
  1342 | D:2      | Reached XP level 3. HP: 16/23 MP: 4/6
  2119 | D:2      | Reached skill level 1 in Stealth
  2219 | D:2      | Learned a level 2 spell: Passwall
  2395 | D:3      | Found a faded altar of an unknown god.
  2405 | D:3      | Reached XP level 4. HP: 29/29 MP: 7/7
  2773 | D:3      | Noticed an ogre
  2796 | D:3      | Slain by an ogre

Illustrated notes

Levels and vault maps discovered:
D:1:      lemuel_arrival_river_passageway, layout_basic,
          amcnicky_mini_corridor_feature
D:2:      layout_loops_ring, nicolae_elevator_lobby_asterisk
D:3:      layout_basic, hellmonk_ecumenical_altar_run_dry, serial_shops,
          nicolae_shop_bloodbath_and_beyond, kennysheep_jessica_study

Skill      XL: |  1  2  3 |
---------------+----------+-----
Stealth        | 1 |  1.2
Fighting       | |  1.8
Dodging        | |  2.4
Unarmed Combat | |  3.4
Spellcasting   | |  2.4
Transmutations | |  2.4
Earth Magic    | |  0.7

Action                   |  1- 3 |  4- 6 || total
-------------------------+-------+-------++-------
Melee: Unarmed           |    21 |       ||    21
       Constrict         |    19 |     3 ||    22
       Kick              |    14 |     6 ||    20
       Tentacles         |    11 |     4 ||    15
       Dagger            |    54 |    13 ||    67
       Punch             |     1 |       ||     1
 Cast: Beastly Appendage |    24 |     6 ||    30
       Sandblast         |       |     6 ||     6
 Stab: Sleeping          |    10 |       ||    10
Armor: Skin              |     5 |     1 ||     6
Dodge: Dodged            |    35 |    11 ||    46
